AoeStats
← Reimser

African Clearing

505471386Analyzed
3v3 RM · 23d ago on Sep 9, 2026· 73m 31s· 6 players
Game mode
Random Map
Map size
Normal (6 player)
Population
200
Speed
Normal
Resources
Standard
Victory
Conquest
Starting age
Dark Age
Ending age
Imperial Age
RankedLock teamsTeams togetherTeam positionsShared explorationLock speedFull tech treeHidden civsTurbo modeCheats
Victory
Defeat
🇪🇸 Berbers · Spain
1306
+15
🇬🇧 Chinese · United Kingdom
1270
+17
🇩🇪 Tatars · Germany
1209
+19
🇬🇧 Muisca · United Kingdom
1320
-19
🇬🇧 Huns · United Kingdom
1263
-16
🇬🇧 Persians · United Kingdom
1260
-16
Harry Wragg
5:49 Loom
12:40 Feudal Age
13:15 Double-Bit Axe
16:46 Forging
17:15 Forging
21:52 Castle Age
20:55 Fletching
30:22 Bow Saw
35:10 Elite Skirmisher
36:35 Horse Collar
38:07 Wheelbarrow
38:17 Bodkin Arrow
40:28 Thumb Ring
40:57 Gold Mining
41:21 Heavy Plow
41:44 Husbandry
41:52 Padded Archer Armor
44:55 Hand Cart
45:01 Ballistics
47:08 Leather Archer Armor
50:23 Imperial Age
50:26 Capped Ram
51:58 Conscription
53:32 Siege Ram
56:32 Scale Barding Armor
56:30 Bracer
57:11 Parthian Tactics
57:44 Bloodlines
59:27 Chemistry
58:11 Cavalier
58:57 Scale Barding Armor
61:06 Heavy Cavalry Archer
62:14 Light Cavalry
63:29 Chain Barding Armor
63:04 Hussar
Advanced Farming Research Centre
3:44 Loom
13:48 Feudal Age
15:54 Champi Runner
16:36 Scale Mail Armor
18:25 Double-Bit Axe
21:02 Forging
23:03 Horse Collar
26:14 Castle Age
25:35 Fletching
27:48 Wheelbarrow
30:02 Bow Saw
34:38 Squires
35:51 Sanctity
35:42 Fervor
35:57 Heavy Plow
39:28 Redemption
42:39 Imperial Age
40:28 Chain Mail Armor
40:28 Gold Mining
40:33 Stone Mining
45:03 Block Printing
45:15 Illumination
44:17 Champi Warrior
45:49 Hand Cart
45:57 Elite Champi Warrior
50:21 Two-Man Saw
49:59 Gold Shaft Mining
49:48 Capped Ram
51:08 Chain Mail Armor
51:29 Iron Casting
51:43 Bodkin Arrow
53:00 Plate Mail Armor
53:11 Herbalism
55:04 Crop Rotation
56:37 Masonry
59:53 Chemistry
59:10 Bracer
59:33 Ballistics
59:42 Town Watch
64:02 Stone Shaft Mining
64:21 Town Patrol
71:13 Padded Archer Armor
70:36 Elite Guecha Warrior
71:37 Conscription
Kupo Games
8:02 Loom
13:57 Feudal Age
21:18 Castle Age
20:42 Scale Barding Armor
21:18 Bloodlines
23:32 Forging
25:36 Forging
27:56 Double-Bit Axe
29:27 Chain Barding Armor
31:44 Iron Casting
33:53 Husbandry
37:17 Wheelbarrow
41:54 Imperial Age
40:48 Hand Cart
42:48 Plate Barding Armor
41:38 Cavalier
44:29 Blast Furnace
Roig
3:54 Loom
13:14 Feudal Age
18:34 Castle Age
16:41 Double-Bit Axe
18:04 Scale Mail Armor
18:49 Pikeman
22:50 Fletching
41:53 Wheelbarrow
41:35 Bloodlines
41:26 Husbandry
41:34 Scale Barding Armor
41:39 Forging
41:25 Bodkin Arrow
41:44 Forging
41:35 Padded Archer Armor
43:24 Chain Barding Armor
43:49 Ballistics
45:55 Bow Saw
47:05 Town Watch
50:42 Imperial Age
48:37 Hand Cart
48:54 Town Watch
49:05 Gold Mining
49:05 Stone Mining
49:47 Masonry
49:54 Horse Collar
50:45 Light Cavalry
51:57 Conscription
51:48 Bracer
53:18 Plate Barding Armor
52:07 Cavalier
60:02 Leather Archer Armor
63:53 Chemistry
66:44 Heavy Plow
68:47 Elite Camel Archer
69:08 Hussar
72:42 Iron Casting
72:40 Ring Archer Armor
Reimser
9:09 Loom
14:35 Feudal Age
24:32 Castle Age
23:05 Horse Collar
26:55 Fletching
29:24 Wheelbarrow
31:33 Double-Bit Axe
40:34 Forging
40:31 Town Watch
40:42 Light Cavalry
47:33 Stone Mining
52:41 Hand Cart
61:23 Imperial Age
61:10 Bloodlines
61:00 Husbandry
61:06 Husbandry
62:05 Scale Barding Armor
62:36 Iron Casting
61:28 Cavalier
63:30 Conscription
65:51 Chain Barding Armor
69:02 Blast Furnace
68:30 Bow Saw
68:05 Capped Ram
69:08 Capped Ram
70:35 Siege Ram
72:35 Silk Armor
72:02 Elite Steppe Lancer
boluwatifeajibade
3:04 Loom
10:54 Feudal Age
11:27 Double-Bit Axe
15:08 Horse Collar
21:05 Castle Age
19:31 Bloodlines
20:24 Scale Barding Armor
21:25 Forging
22:48 Chain Barding Armor
23:27 Bow Saw
27:02 Scale Mail Armor
26:31 Pikeman
29:33 Chain Mail Armor
30:13 Squires
30:36 Heavy Plow
31:20 Wheelbarrow
33:57 Gold Mining
38:37 Imperial Age
36:43 Fletching
37:18 Ballistics
38:39 Bodkin Arrow
39:06 Halberdier
40:53 Plate Mail Armor
40:24 Bracer
41:31 Chemistry
40:43 Masonry
41:51 Elite Chu Ko Nu
44:02 Padded Archer Armor
44:39 Iron Casting
45:33 Conscription
53:11 Thumb Ring
55:58 Light Cavalry
58:38 Husbandry
59:19 Plate Barding Armor
59:01 Leather Archer Armor
59:47 Blast Furnace
62:52 Capped Ram
65:12 Ring Archer Armor
65:19 Siege Ram
69:21 Two-Man Saw
Connection lost

Rejoining the realm…

Still unreachable

The connection could not be restored.

Session expired

The server has moved on; the page needs a fresh start.